SL
MISSISSIPPI MOCKINGBIRDS @ D.C. DIVIDED
06/25/2042
 
TOP OF THE 1ST
Mississippi Mockingbirds batting - Pitching for D.C. Divided : RHP Van Hileman
Pitching: RHP Van Hileman
Batting: LHB Jesús Lazcano 0-0: Ball
1-0: Foul Ball, location: 2F
1-1: Ball
2-1: Ball
3-1: Ground out U3 (Groundball, 3S, EV 68.8 MPH)
Batting: LHB Seb Blanch 0-0: Ball
1-0: SINGLE (Groundball, 34D, EV 98.1 MPH)
Batting: LHB Rylen Roersma 0-0: Foul Ball, location: 2F
0-1: Ball
1-1: Ball
2-1: Foul Ball, location: 2F
2-2: Ball
3-2: Foul Ball, location: 2F
3-2: Foul Ball, location: 2F
3-2: Foul Ball, location: 2F
3-2: Base on Balls
Seb Blanch to second
Batting: RHB Júlio Coronado 0-0: Ball
1-0: Ball
2-0: Called Strike
2-1: Called Strike
2-2: Strikes out swinging
Batting: RHB Doug Allerdale 0-0: Called Strike
0-1: Foul Ball, location: 2F
0-2: Foul Ball, location: 2F
0-2: Strikes out swinging
Top of the 1st over - 0 runs, 1 hit, 0 errors, 2 left on base; Mississippi 0 - D.C. 0
BOTTOM OF THE 1ST
D.C. Divided batting - Pitching for Mississippi Mockingbirds : RHP Joe Yoder
Pitching: RHP Joe Yoder
Batting: RHB Kimi Okubo 0-0: Called Strike
0-1: Ball
1-1: Ball
2-1: Ball
3-1: Base on Balls
Batting: LHB Bill Butler 0-0: Ball
1-0: Fielders Choice at 2nd, 4-6 (Groundball, 4, EV 110.0 MPH)
Batting: RHB Martín Chávez 0-0: Swinging Strike
0-1: Ball
1-1: Fly out, F3 (Popup, 4S, EV 80.0 MPH)
Batting: LHB Stanley Zijm 0-0: Called Strike
0-1: Ground out 4-3 (Groundball, 4, EV 98.8 MPH)
Bottom of the 1st over - 0 runs, 0 hits, 0 errors, 1 left on base; Mississippi 0 - D.C. 0
TOP OF THE 2ND
Mississippi Mockingbirds batting - Pitching for D.C. Divided : RHP Van Hileman
Batting: SHB Jorge Indiano 0-0: Ball
1-0: Called Strike
1-1: SINGLE (Groundball, 4MD, EV 111.2 MPH)
Batting: LHB Warren King 0-0: Ball
1-0: Foul Ball, location: 2F
1-1: Swinging Strike
1-2: Ball
2-2: Foul Ball, location: 2F
2-2: Grounds into double play, 4-6-3 (Groundball, 4, EV 85.6 MPH)
Batting: LHB Wu-shun Chu 0-0: Fly out, F7 (Flyball, 78S, EV 92.5 MPH)
Top of the 2nd over - 0 runs, 1 hit, 0 errors, 0 left on base; Mississippi 0 - D.C. 0
BOTTOM OF THE 2ND
D.C. Divided batting - Pitching for Mississippi Mockingbirds : RHP Joe Yoder
Batting: SHB Billy Dotson 0-0: Ball
1-0: Foul Ball, location: 2F
1-1: Fly out, F8 (Flyball, 78M, EV 92.5 MPH)
Batting: LHB Buddy Patton 0-0: Fly out, F5 (Popup, 56S, EV 81.2 MPH)
Batting: RHB Layton Arntsen 0-0: Swinging Strike
0-1: Swinging Strike
0-2: Ball
1-2: Ball
2-2: Strikes out swinging
Bottom of the 2nd over - 0 runs, 0 hits, 0 errors, 0 left on base; Mississippi 0 - D.C. 0
TOP OF THE 3RD
Mississippi Mockingbirds batting - Pitching for D.C. Divided : RHP Van Hileman
Batting: RHB Jorge Muńóz 0-0: Ball
1-0: Ball
2-0: Foul Ball, location: 2F
2-1: Fly out, F7 (Flyball, 7D, EV 76.2 MPH)
Batting: LHB Jesús Lazcano 0-0: Fly out, F8 (Flyball, 8RD, EV 73.8 MPH)
Batting: LHB Seb Blanch 0-0: Called Strike
0-1: Called Strike
0-2: Ball
1-2: Strikes out swinging
Top of the 3rd over - 0 runs, 0 hits, 0 errors, 0 left on base; Mississippi 0 - D.C. 0
BOTTOM OF THE 3RD
D.C. Divided batting - Pitching for Mississippi Mockingbirds : RHP Joe Yoder
Batting: RHB Peni Ferede 0-0: Foul Ball, location: 2F
0-1: Ball
1-1: Swinging Strike
1-2: Ball
2-2: Foul Ball, location: 2F
2-2: Ball
3-2: Strikes out swinging
Batting: RHB Francisco Alhama 0-0: Ball
1-0: Foul Ball, location: 2F
1-1: Called Strike
1-2: SINGLE (Line Drive, 9S, EV 93.8 MPH)
Batting: RHB Kimi Okubo 0-0: Called Strike
0-1: Called Strike
0-2: Ball
Wild Pitch!
Francisco Alhama to second
1-2: Foul Ball, location: 2F
1-2: Ball
2-2: Foul Ball, location: 2F
2-2: Ball
3-2: Ground out 6-3 (Groundball, 56, EV 88.8 MPH)
Batting: LHB Bill Butler 0-0: Ball
1-0: Ball
2-0: Ball
3-0: Called Strike
3-1: Base on Balls
Batting: RHB Martín Chávez 0-0: Called Strike
0-1: Ball
1-1: Ball
2-1: Ball
3-1: Swinging Strike
3-2: Foul Ball, location: 2F
3-2: Base on Balls
Francisco Alhama to third
Bill Butler to second
Batting: LHB Stanley Zijm 0-0: Ball
1-0: Called Strike
1-1: Called Strike
1-2: Ball
2-2: Ball
3-2: Base on Balls
Francisco Alhama scores
Bill Butler to third
Martín Chávez to second
Batting: SHB Billy Dotson 0-0: Swinging Strike
0-1: Ball
1-1: Ground out 4-3 (Groundball, 4S, EV 80.0 MPH)
Bottom of the 3rd over - 1 run, 1 hit, 0 errors, 3 left on base; Mississippi 0 - D.C. 1
TOP OF THE 4TH
Mississippi Mockingbirds batting - Pitching for D.C. Divided : RHP Van Hileman
Batting: LHB Rylen Roersma 0-0: Ball
1-0: Ball
2-0: Called Strike
2-1: Ball
3-1: Base on Balls
Batting: RHB Júlio Coronado 0-0: Foul Ball, location: 2F
0-1: Ball
1-1: Swinging Strike
1-2: Ball
2-2: Ball
3-2: Strikes out looking
Batting: RHB Doug Allerdale 0-0: Called Strike
0-1: Called Strike
0-2: Ball
1-2: Foul Ball, location: 2F
1-2: Foul Ball, location: 2F
1-2: Ball
2-2: Fly out, F8 (Flyball, 8RD, EV 95.6 MPH)
Batting: SHB Jorge Indiano 0-0: Ball
1-0: Foul Ball, location: 2F
1-1: Ball
Wild Pitch!
Rylen Roersma to second
2-1: Called Strike
2-2: SINGLE (Line Drive, 8LS, EV 108.1 MPH)
Rylen Roersma to third
Runner from 3rd tries for Home, throw by CF and OUT! 8-2
Top of the 4th over - 0 runs, 1 hit, 0 errors, 1 left on base; Mississippi 0 - D.C. 1
BOTTOM OF THE 4TH
D.C. Divided batting - Pitching for Mississippi Mockingbirds : RHP Joe Yoder
Batting: LHB Buddy Patton 0-0: Ball
1-0: Ground out 6-3 (Groundball, 4, EV 86.2 MPH)
Batting: RHB Layton Arntsen 0-0: Ball
1-0: Swinging Strike
1-1: Ball
2-1: Ball
3-1: Base on Balls
Batting: RHB Peni Ferede 0-0: Called Strike
0-1: Called Strike
0-2: Ball
1-2: Ball
2-2: Ball
3-2: Base on Balls
Layton Arntsen to second
Batting: RHB Francisco Alhama 0-0: Ball
1-0: Ball
2-0: Swinging Strike
2-1: Foul Ball, location: 2F
2-2: Strikes out swinging
Batting: RHB Kimi Okubo 0-0: Foul Ball, location: 2F
0-1: Ball
1-1: Ball
2-1: Foul Ball, location: 2F
2-2: Foul Ball, location: 2F
2-2: SINGLE (Groundball, 5D, EV 101.2 MPH)
Layton Arntsen to third
Peni Ferede to second
Runner from 3rd tries for Home, SAFE, throw by LF to home
Batting: LHB Bill Butler 0-0: Ball
1-0: Ball
2-0: Called Strike
2-1: Ball
3-1: Ground out 4-3 (Groundball, 4, EV 88.1 MPH)
Bottom of the 4th over - 1 run, 1 hit, 0 errors, 2 left on base; Mississippi 0 - D.C. 2
TOP OF THE 5TH
Mississippi Mockingbirds batting - Pitching for D.C. Divided : RHP Van Hileman
Batting: LHB Warren King 0-0: Swinging Strike
0-1: Ball
1-1: SINGLE (Line Drive, 78S, EV 112.5 MPH)
Batting: LHB Wu-shun Chu 0-0: Fly out, F7 (Flyball, 7LS, EV 97.5 MPH)
Batting: RHB Jorge Muńóz 0-0: Fly out, F8 (Flyball, 8LD, EV 97.5 MPH)
Batting: LHB Jesús Lazcano 0-0: 2-RUN HOME RUN (Line Drive, 9D, EV 95.6 MPH), Distance : 400 ft
Batting: LHB Seb Blanch 0-0: Called Strike
0-1: Called Strike
0-2: Ball
1-2: Strikes out looking
Top of the 5th over - 2 runs, 2 hits, 0 errors, 0 left on base; Mississippi 2 - D.C. 2
BOTTOM OF THE 5TH
D.C. Divided batting - Pitching for Mississippi Mockingbirds : RHP Joe Yoder
Batting: RHB Martín Chávez 0-0: Ball
1-0: Called Strike
1-1: Called Strike
1-2: Strikes out looking
Batting: LHB Stanley Zijm 0-0: Ground out 5-3 (Groundball, 5, EV 100.0 MPH)
Batting: SHB Billy Dotson 0-0: Swinging Strike
0-1: Ball
1-1: Called Strike
1-2: Ground out 5-3 (Groundball, 25, EV 85.6 MPH)
Bottom of the 5th over - 0 runs, 0 hits, 0 errors, 0 left on base; Mississippi 2 - D.C. 2
TOP OF THE 6TH
Mississippi Mockingbirds batting - Pitching for D.C. Divided : RHP Van Hileman
Batting: LHB Rylen Roersma 0-0: Ball
1-0: Ball
2-0: Called Strike
2-1: Swinging Strike
2-2: Ball
3-2: Foul Ball, location: 2F
3-2: Strikes out swinging
Batting: RHB Júlio Coronado 0-0: Foul Ball, location: 2F
0-1: Called Strike
0-2: Foul Ball, location: 2F
0-2: Ball
1-2: Reached via error on a dropped throw from 3B, E3 (Groundball, 56S, EV 69.4 MPH)
Batting: RHB Doug Allerdale 0-0: Called Strike
0-1: Ball
1-1: Ball
2-1: Foul Ball, location: 2F
2-2: Ground out 6-3 (Groundball, 6D, EV 99.4 MPH)
Júlio Coronado to second
Pitching: RHP José Quińones
Batting: SHB Jorge Indiano 0-0: Foul Ball, location: 2F
0-1: Fly out, F8 (Flyball, 8LS, EV 93.1 MPH)
Top of the 6th over - 0 runs, 0 hits, 1 error, 1 left on base; Mississippi 2 - D.C. 2
BOTTOM OF THE 6TH
D.C. Divided batting - Pitching for Mississippi Mockingbirds : RHP Joe Yoder
Pitching: RHP Clinton Repetto
Batting: LHB Buddy Patton 0-0: Called Strike
0-1: Ball
1-1: Fly out, F8 (Flyball, 8LM, EV 79.4 MPH)
Batting: RHB Layton Arntsen 0-0: Ball
1-0: Foul Ball, location: 2F
1-1: Called Strike
1-2: Strikes out swinging
Batting: RHB Peni Ferede 0-0: Foul Ball, location: 2F
0-1: DOUBLE (Line Drive, 89XD, EV 106.2 MPH)
Batting: RHB Francisco Alhama 0-0: Ball
1-0: Called Strike
1-1: Ball
2-1: Swinging Strike
2-2: Ball
3-2: Base on Balls
Batting: RHB Kimi Okubo 0-0: Foul Ball, location: 2F
0-1: Swinging Strike
0-2: Strikes out swinging
Bottom of the 6th over - 0 runs, 1 hit, 0 errors, 2 left on base; Mississippi 2 - D.C. 2
TOP OF THE 7TH
Mississippi Mockingbirds batting - Pitching for D.C. Divided : RHP José Quińones
Batting: LHB Warren King 0-0: Ball
1-0: Ball
2-0: SINGLE (Groundball, 3D, EV 100.0 MPH)
Batting: LHB Wu-shun Chu 0-0: Swinging Strike
0-1: Bunted foul
0-2: Fielders Choice at 2nd, 3-6 (Groundball, 3, EV 81.9 MPH)
Batting: RHB Jorge Muńóz 0-0: Ball
1-0: Grounds into double play, 6-4-3 (Groundball, 56, EV 81.2 MPH)
Top of the 7th over - 0 runs, 1 hit, 0 errors, 0 left on base; Mississippi 2 - D.C. 2
BOTTOM OF THE 7TH
D.C. Divided batting - Pitching for Mississippi Mockingbirds : RHP Clinton Repetto
Batting: LHB Bill Butler 0-0: Ground out 6-3 (Groundball, 56, EV 97.5 MPH)
Batting: RHB Martín Chávez 0-0: Ball
1-0: Ball
2-0: Ball
3-0: Called Strike
3-1: Fly out, F4 (Popup, 4M, EV 65.6 MPH)
Batting: LHB Stanley Zijm 0-0: Called Strike
0-1: Ball
1-1: Ball
2-1: Foul Ball, location: 2F
2-2: Fly out, F8 (Line Drive, 8RD, EV 89.4 MPH)
Bottom of the 7th over - 0 runs, 0 hits, 0 errors, 0 left on base; Mississippi 2 - D.C. 2
TOP OF THE 8TH
Mississippi Mockingbirds batting - Pitching for D.C. Divided : RHP José Quińones
Batting: LHB Jesús Lazcano 0-0: Ball
1-0: Foul Ball, location: 2F
1-1: Foul Ball, location: 2F
1-2: Ground out 6-3 (Groundball, 56, EV 86.2 MPH)
Batting: LHB Seb Blanch 0-0: Ball
1-0: Ball
2-0: SINGLE (Line Drive, 9S, EV 95.0 MPH)
Batting: LHB Rylen Roersma 0-0: Ball
1-0: Foul Ball, location: 2F
1-1: Ball
2-1: Called Strike
2-2: DOUBLE (Line Drive, 78D, EV 108.1 MPH)
Seb Blanch to third
Runner from 3rd tries for Home, SAFE, throw by LF to home
Batting: RHB Júlio Coronado 0-0: Ball
1-0: Called Strike
1-1: Fly out, F8 (Line Drive, 8RM, EV 93.8 MPH)
Batting: RHB Doug Allerdale 0-0: Ball
1-0: Called Strike
1-1: Ball
2-1: Ball
3-1: Base on Balls
Batting: SHB Jorge Indiano 0-0: Swinging Strike
0-1: Ball
1-1: Ball
2-1: Fly out, F7 (Flyball, 7, EV 98.1 MPH)
Top of the 8th over - 1 run, 2 hits, 0 errors, 2 left on base; Mississippi 3 - D.C. 2
BOTTOM OF THE 8TH
D.C. Divided batting - Pitching for Mississippi Mockingbirds : RHP Clinton Repetto
Pitching: RHP Ewan Atwood
Batting: SHB Billy Dotson 0-0: Foul Ball, location: 2F
0-1: Ground out 4-3 (Groundball, 34, EV 86.9 MPH)
Batting: LHB Buddy Patton 0-0: SINGLE (Groundball, 4MD, EV 107.5 MPH)
Batting: RHB Layton Arntsen 0-0: Ball
1-0: Ground out 6-3 (Groundball, 6D, EV 88.1 MPH)
Buddy Patton to second
Batting: RHB Peni Ferede 0-0: Called Strike
0-1: Ball
1-1: Ball
2-1: Swinging Strike
2-2: Ball
3-2: Base on Balls
Batting: RHB Francisco Alhama 0-0: Called Strike
0-1: Ball
Wild Pitch!
Buddy Patton to third
Peni Ferede to second
1-1: Ball
2-1: Ball
3-1: Swinging Strike
3-2: Foul Ball, location: 2F
3-2: Fly out, F8 (Flyball, 8RD, EV 86.9 MPH)
Bottom of the 8th over - 0 runs, 1 hit, 0 errors, 2 left on base; Mississippi 3 - D.C. 2
TOP OF THE 9TH
Mississippi Mockingbirds batting - Pitching for D.C. Divided : RHP José Quińones
Batting: LHB Warren King 0-0: SINGLE (Groundball, 3, EV 101.2 MPH) (infield hit)
Pitching: RHP Nand Lal Chaudhary
Pinch Runner at 1st Dean Shamakani:
Batting: LHB Wu-shun Chu 0-0: Sac Bunt to 15 - play at first, batter safe!
Dean Shamakani to second
Batting: RHB Jorge Muńóz 0-0: Ball
1-0: Sac Bunt to 13S - play at first, batter OUT! 1-4
Dean Shamakani to third
Wu-shun Chu to second
Batting: LHB Jesús Lazcano 0-0: Hit by Pitch
Batting: LHB Seb Blanch 0-0: Called Strike
0-1: Ball
1-1: Ball
2-1: Ball
3-1: Base on Balls
Dean Shamakani scores
Wu-shun Chu to third
Jesús Lazcano to second
Batting: LHB Rylen Roersma 0-0: SINGLE (Line Drive, 4, EV 73.1 MPH) (infield hit)
Wu-shun Chu scores
Jesús Lazcano to third
Seb Blanch to second
Batting: RHB Júlio Coronado 0-0: Ball
1-0: Called Strike
1-1: Ball
2-1: SINGLE (Groundball, 6, EV 106.2 MPH) (infield hit)
Jesús Lazcano scores
Seb Blanch to third
Rylen Roersma to second
Batting: RHB Doug Allerdale 0-0: Foul Ball, location: 2F
0-1: Foul Ball, location: 2F
0-2: Ball
1-2: Strikes out swinging
Batting: SHB Jorge Indiano 0-0: SINGLE (Line Drive, 4MD, EV 106.9 MPH)
Seb Blanch scores
Rylen Roersma to third
Júlio Coronado to second
Runner from 3rd tries for Home, SAFE, throw by CF to home
Pitching: LHP Henry Davis
Batting: RHB Dean Shamakani 0-0: DOUBLE (Flyball, 8LXD, EV 92.5 MPH)
Júlio Coronado scores
Jorge Indiano to third
Runner from 3rd tries for Home, SAFE, throw by CF to home
Batting: LHB Wu-shun Chu 0-0: Foul Ball, location: 2F
0-1: Fly out, F6 (Popup, 6, EV 79.4 MPH)
Top of the 9th over - 7 runs, 6 hits, 0 errors, 1 left on base; Mississippi 10 - D.C. 2
BOTTOM OF THE 9TH
D.C. Divided batting - Pitching for Mississippi Mockingbirds : RHP Ewan Atwood
Now in LF: Dean Shamakani
Pinch Hitting: RHB Dadabhvai Dattachaudhuri 0-0: Hit by Pitch
Pinch Hitting: LHB Jaako Haavisto 0-0: Called Strike
0-1: Called Strike
0-2: Strikes out looking
Batting: RHB Martín Chávez 0-0: Called Strike
0-1: Swinging Strike
0-2: SINGLE (Line Drive, 8RS, EV 98.8 MPH)
Dadabhvai Dattachaudhuri to second
Batting: LHB Stanley Zijm 0-0: Ball
1-0: Ball
2-0: Ball
3-0: Called Strike
3-1: Base on Balls
Dadabhvai Dattachaudhuri to third
Martín Chávez to second
Pinch Hitting: LHB Francisco Castro 0-0: Foul Ball, location: 2F
0-1: Hit by Pitch
Dadabhvai Dattachaudhuri scores
Martín Chávez to third
Stanley Zijm to second
Batting: LHB Buddy Patton 0-0: Ball
1-0: Ball
2-0: Ball
3-0: Called Strike
3-1: Base on Balls
Martín Chávez scores
Stanley Zijm to third
Francisco Castro to second
Batting: RHB Layton Arntsen 0-0: Called Strike
0-1: Grounds into double play, 6-4-3 (Groundball, 6, EV 103.1 MPH)
Bottom of the 9th over - 2 runs, 1 hit, 0 errors, 2 left on base; Mississippi 10 - D.C. 4
Friday, March 26th, 2021 - OOTP Baseball 20.8 Build 74